 Dungeon Crawl Stone Soup version 0.31.0-32-g396128a36d (webtiles) character file.

Game seed: 909160235144527252

1588 MisterFreud the Grappler (level 8, -1/79 (83) HPs)
             Began as a Troll Gladiator on Apr 1, 2024.
             Slain by a wight
             ... wielding a +5 halberd
              (4 damage)
             ... on level 6 of the Dungeon.
             The game lasted 00:04:52 (3732 turns).

MisterFreud the Grappler (Troll Gladiator)          Turns: 3732, Time: 00:04:53

HP:   -1/79 (83)    AC:  5    Str: 25    XL:     8   Next: 61%
MP:   7/7           EV: 10    Int:  4    God:
Gold: 224           SH:  0    Dex: 11    Spells: 7/7 levels left

rFire   + .          .
                       - Unarmed
rCold   . . .        (no shield)
rNeg    . . .        a - +0 robe
rPois   .            b - +0 hat
rElec   .            v - +0 cloak {rCorr}
rCorr   +            (gloves unavailable)
SInv    .            (boots unavailable)
Will    .....        (no amulet)
Stlth   +            q - ring of protection from fire
HPRegen 1.13/turn    (no ring)
MPRegen 0.10/turn

%: no passive effects
@: about to teleport, lightly drained
A: large, unfitting armour, claws 3, regeneration 1, shaggy fur 1, tough skin 1
a: no special abilities


You were on level 6 of the Dungeon.
You visited 1 branch of the dungeon, and saw 6 of its levels.

You collected 260 gold pieces.
You spent 36 gold pieces at shops.

Inventory:

Hand Weapons
 g - a +2 mace of draining
 t - a +0 giant club
 x - a +0 giant spiked club
Missiles
 c - 3 throwing nets
 d - a large rock (quivered)
 h - 16 poisoned darts
 m - 6 boomerangs
Armour
 a - a +0 robe (worn)
 b - a +0 hat (worn)
 v - a +0 cloak of preservation (worn)
Jewellery
 q - a ring of protection from fire (left claw)
 z - a ring of fire
Wands
 e - a wand of roots (5)
Scrolls
 f - 3 scrolls of amnesia
 p - a scroll of fog {unknown}
 y - a scroll of blinking {unknown}
Potions
 k - 3 potions of curing
 n - a potion of might {unknown}
 o - 3 potions of attraction
 r - a potion of resistance
 s - a potion of degeneration {unknown}
 u - 2 potions of heal wounds
 w - a potion of magic {unknown}


   Skills:
 - Level 6.0 Fighting
 + Level 4.0 Throwing
 - Level 2.4 Dodging
 + Level 8.0 Unarmed Combat


You had 7 spell levels left.
You didn't know any spells.
Your spell library contained the following spells:

 Spells                   Type           Power      Damage    Failure   Level
 Apportation              Tloc           0%         N/A       50%         1
 Necrotise                Necr           0%         1d4       50%         1
 Shock                    Conj/Air       0%         1d3       50%         1
 Slow                     Hex            0%         N/A       50%         1
 Sting                    Conj/Alch      0%         1d3       50%         1
 Summon Small Mammal      Summ           0%         N/A       50%         1
 Cigotuvi's Dreadful Rot  Necr/Alch/Air  0%         N/A       65%         2
 Confusing Touch          Hex            0%         N/A       86%         3
 Sigil of Binding         Hex            0%         N/A       86%         3
 Swiftness                Air            0%         N/A       86%         3
 Vampiric Draining        Necr           0%         2d6       86%         3
 Airstrike                Air            0%         2d(0-16)  99%         4
 Ignite Poison            Fire/Alch      0%         N/A       99%         4
 Freezing Cloud           Conj/Ice/Air   0%         6-21      100%        5


Dungeon Overview and Level Annotations

Branches:
Dungeon (6/15)
 Temple: D:4-7

Altars:
Fedhas
Kikubaaqudgha
Uskayaw
Xom
Yredelemnul

Shops:
D:4 ?   D:5 [


Innate Abilities, Weirdness & Mutations

You are too large for most types of armour.
You have claws for hands.
Your natural rate of healing is unusually fast.
You are covered in fur. (AC +1)
You have tough skin. (AC +1)


Message History

You kill the adder!
The orc hits you with a +0 dagger.
You mangle the orc!!
You kill the orc!
You scratch the wight.
The wight is lightly damaged.
You closely miss the wight.
The wight is lightly damaged.
You closely miss the wight. The wight hits you with a +0 hand axe!
You feel drained. The wight hits you with a +4 flail!
The wight hits you from afar with a +5 halberd!
You barely miss the wight.
The wight is lightly damaged.
The wight misses you. The wight barely misses you.
The wight hits you from afar with a +5 halberd!!
You feel drained.
* * * LOW HITPOINT WARNING * * *
You claw the wight!
You destroy the wight!
The wight barely misses you.
Training target 6.0 for Fighting reached!
Your Fighting skill increases to level 6!
You need to enable at least one skill for training.
You scratch the wight.
The wight is lightly damaged.
The wight hits you from afar with a +5 halberd!
* * * LOW HITPOINT WARNING * * *
The wight attacks as it pursues you! The wight barely misses you.
The wight attacks as it pursues you!
The wight hits you from afar with a +5 halberd.
* * * LOW HITPOINT WARNING * * *
As you read the scroll of teleportation, it crumbles to dust.
You feel strangely unstable. The wight hits you with a +4 flail.
* * * LOW HITPOINT WARNING * * *
You feel drained.
* * * LOW HITPOINT WARNING * * *
The wight closely misses you. The wight attacks as it pursues you!
The wight hits you from afar with a +5 halberd.
You die...

..........# ..........#
.###......# . #......#
#####+## .###..z...#
#......##### .........##
#........... .........#
#........... .........#
#...........
.#....#######.zz@$......
.#..........)z....######
#..#.....#########
#........'......#
#.###....######.#
#.#......#### #.###
..#.......... #.).#
..........#### #.#.#
#####.#..## ###'###


You could see 3 wights.

Vanquished Creatures
  Grinder (D:5)
  Sigmund (D:3)
  Edmund (D:4)
  A water moccasin (D:5)
  2 ogres (D:4)
  A kobold brigand (D:5)
  2 scorpions (D:5)
  A wight (D:6)
  A howler monkey (D:6)
  3 bombardier beetles
  3 crimson imps (D:3)
  2 orc priests (D:4)
  A hound (D:4)
  An iguana (D:4)
  An orc wizard (D:4)
  9 adders
  3 white imps
  2 ufetubi (D:5)
  5 dart slugs
  13 orcs
  6 endoplasms
  2 giant cockroaches
  6 goblins
  10 hobgoblins
  10 jackals
  5 quokkas
  7 ball pythons
  2 bats (D:1)
  4 frilled lizards
  11 kobolds
  7 rats
124 creatures vanquished.

Notes
Turn   | Place    | Note
-------+----------+-------------------------------------------
     0 | D:1      | MisterFreud the Troll Gladiator began the quest for the
                  | Orb.
     0 | D:1      | Reached XP level 1. HP: 19/19 MP: 0/0
   116 | D:1      | Reached XP level 2. HP: 25/27 MP: 1/1
   319 | D:1      | Reached XP level 3. HP: 33/33 MP: 2/2
  1022 | D:2      | Reached skill level 4 in Unarmed Combat
  1026 | D:2      | Identified the +5 ring mail of Okawaru's Regard {Harm Str+7
                  | Int-4 Stlth+}
  1136 | D:2      | Reached XP level 4. HP: 28/41 MP: 3/3
  1657 | D:3      | Found an ancient bone altar of Kikubaaqudgha.
  1854 | D:3      | Found a shimmering altar of Xom.
  1865 | D:3      | Reached XP level 5. HP: 46/48 MP: 2/4
  1923 | D:3      | Noticed Sigmund
  1935 | D:3      | Killed Sigmund
  1936 | D:3      | Reached skill level 6 in Unarmed Combat
  1936 | D:3      | Reached XP level 6. HP: 35/55 MP: 5/5
  2134 | D:3      | Found a blossoming altar of Fedhas.
  2139 | D:3      | Found a hide-covered altar of Uskayaw.
  2143 | D:3      | Found a basalt altar of Yredelemnul.
  2475 | D:4      | Found Xithruut's Magic Scroll Boutique.
  2493 | D:4      | Reached skill level 7 in Unarmed Combat
  2493 | D:4      | Reached XP level 7. HP: 43/62 MP: 6/6
  2510 | D:4      | Bought a scroll of teleportation for 36 gold pieces
  2590 | D:4      | Noticed Edmund
  2597 | D:4      | Killed Edmund
  2598 | D:4      | Reached skill level 8 in Unarmed Combat
  3150 | D:5      | Entered Level 5 of the Dungeon
  3162 | D:5      | Found Contaam's Antique Armour Boutique.
  3176 | D:5      | Reached XP level 8. HP: 78/78 MP: 7/7
  3287 | D:5      | Noticed Grinder
  3294 | D:5      | Paralysed by Grinder for 2 turns
  3304 | D:5      | Killed Grinder
  3305 | D:5      | Reached skill level 5 in Fighting
  3329 | D:5      | Identified the +2 quarterstaff "Teclye" {holy, +Blink rPois
                  | rF-}
  3731 | D:6      | HP: 3/80 [wight/+4 flail (5)]
  3732 | D:6      | Slain by a wight

Illustrated notes

Levels and vault maps discovered:
D:1:      eino_arrival_water_star, layout_loops_corners
D:2:      layout_basic
D:3:      layout_basic, nicolae_overflow_macrodata_refinement, led_xom_imps,
          uniq_sigmund
D:4:      layout_basic, serial_shops, shop, minivault_4,
          kennysheep_generic_room_15, uniq_edmund
D:5:      layout_cave_pools, serial_shops, shop, uniq_grinder
D:6:      layout_basic, minmay_temple_entry_sparse_star, kennysheep_flooded_box

Skill      XL: |  1  2  3  4  5  6  7  8 |
---------------+-------------------------+-----
Throwing       | 2 3 4 |  4.0
Unarmed Combat | 4 6 7 8 |  8.0
Fighting       | 3 6 |  6.0
Dodging        | |  2.4

Action                     |  1- 3 |  4- 6 |  7- 9 || total
---------------------------+-------+-------+-------++-------
  Melee: Unarmed           |   117 |   102 |   131 ||   350
         Punch             |     4 |     1 |     6 ||    11
    Use: Scroll            |     1 |     2 |     7 ||    10
   Stab: Sleeping          |     1 |     1 |       ||     2
 Armour: Robe              |    66 |    56 |    84 ||   206
  Dodge: Dodged            |    47 |    30 |    61 ||   138
